MLB
LAS VEGAS HUSTLE @ SAN FRANCISCO GIANTS
05/11/2099
 
TOP OF THE 1ST
Las Vegas Hustle batting - Pitching for San Francisco Giants : RHP Steve Deemer
Pitching: RHP Steve Deemer
Batting: LHB Steve Lawler 0-0: Foul Ball, location: 7LMFF
0-1: Swinging Strike
0-2: Fly out, F7 (Flyball, 7LM, EV 95.0 MPH)
Batting: RHB Rick Roberds 0-0: Ball
1-0: Ball
2-0: Fly out, F9 (Line Drive, 9LS, EV 92.5 MPH)
Batting: RHB John Conway 0-0: Ball
1-0: Called Strike
1-1: Foul Ball, location: 9LMF
1-2: Strikes out swinging
Top of the 1st over - 0 runs, 0 hits, 0 errors, 0 left on base; Las Vegas 0 - San Francisco 0
BOTTOM OF THE 1ST
San Francisco Giants batting - Pitching for Las Vegas Hustle : RHP Nick Hof
Pitching: RHP Nick Hof
Batting: RHB Erik Mulloy 0-0: Ball
1-0: Swinging Strike
1-1: Swinging Strike
1-2: Ball
2-2: Fly out, F8 (Flyball, 8RD, EV 95.0 MPH)
Batting: RHB Masataka Kato 0-0: Ball
1-0: Ball
2-0: Foul Ball, location: 2F
2-1: Ball
3-1: Base on Balls
Batting: LHB Daniel Cipolla 0-0: Swinging Strike
0-1: Swinging Strike
0-2: Foul Ball, location: 2F
0-2: Ball
1-2: Fielders Choice at 2nd, 4-6 (Groundball, 4, EV 86.3 MPH)
Batting: LHB Kevin Shaw 0-0: Called Strike
0-1: Called Strike
0-2: Strikes out swinging
Bottom of the 1st over - 0 runs, 0 hits, 0 errors, 1 left on base; Las Vegas 0 - San Francisco 0
TOP OF THE 2ND
Las Vegas Hustle batting - Pitching for San Francisco Giants : RHP Steve Deemer
Batting: LHB Jon Guzman 0-0: Called Strike
0-1: Ball
1-1: Called Strike
1-2: Ball
2-2: SOLO HOME RUN (Flyball, 9D, EV 104.4 MPH), Distance : 414 ft
Batting: RHB Clint Hurley 0-0: Ground out 5-3 (Groundball, 56S, EV 88.8 MPH)
Batting: RHB Nick Allen 0-0: DOUBLE (Flyball, 8RXD, EV 106.9 MPH)
Batting: SHB Jose Espinoza 0-0: Foul Ball, location: 2F
0-1: Ball
1-1: Ball
2-1: Ball
3-1: Foul Ball, location: 3FF
3-2: Foul Ball, location: 2F
3-2: Base on Balls
Batting: RHB Karl Robbins 0-0: Called Strike
0-1: Called Strike
0-2: Strikes out swinging
Batting: RHB Tyler Ebert 0-0: Ball
1-0: Swinging Strike
1-1: Foul Ball, location: 7LSF
1-2: Strikes out swinging
Top of the 2nd over - 1 run, 2 hits, 0 errors, 2 left on base; Las Vegas 1 - San Francisco 0
BOTTOM OF THE 2ND
San Francisco Giants batting - Pitching for Las Vegas Hustle : RHP Nick Hof
Batting: RHB David Bishop 0-0: Called Strike
0-1: Swinging Strike
0-2: Strikes out swinging
Batting: LHB Ernesto Pelayo 0-0: Called Strike
0-1: Fly out, F9 (Line Drive, 89M, EV 105.0 MPH)
Batting: RHB Danny Bute 0-0: Foul Ball, location: 7LSFF
0-1: Called Strike
0-2: Foul Ball, location: 2F
0-2: Foul Ball, location: 9LDF
0-2: Foul Ball, location: 25F
0-2: Ball
1-2: Foul Ball, location: 25F
1-2: Ground out U3 (Groundball, 3, EV 95.6 MPH)
Bottom of the 2nd over - 0 runs, 0 hits, 0 errors, 0 left on base; Las Vegas 1 - San Francisco 0
TOP OF THE 3RD
Las Vegas Hustle batting - Pitching for San Francisco Giants : RHP Steve Deemer
Batting: LHB Steve Lawler 0-0: Foul Ball, location: 7LSF
0-1: Ball
1-1: Ball
2-1: Called Strike
2-2: Ball
3-2: Fly out, F3 (Popup, 3F, EV 76.9 MPH)
Batting: RHB Rick Roberds 0-0: Ball
1-0: Foul Ball, location: 2F
1-1: Fly out, F9 (Flyball, 9S, EV 87.5 MPH)
Batting: RHB John Conway 0-0: Ball
1-0: Called Strike
1-1: SINGLE (Line Drive, 6D, EV 93.8 MPH)
Batting: LHB Jon Guzman 0-0: Foul Ball, location: 7LMF
0-1: SINGLE (Line Drive, 7S, EV 100.6 MPH)
John Conway to second
Batting: RHB Clint Hurley 0-0: Called Strike
0-1: Ball
1-1: Fly out, F3 (Popup, 34, EV 74.4 MPH)
Top of the 3rd over - 0 runs, 2 hits, 0 errors, 2 left on base; Las Vegas 1 - San Francisco 0
BOTTOM OF THE 3RD
San Francisco Giants batting - Pitching for Las Vegas Hustle : RHP Nick Hof
Batting: RHB Kevin Mosemann 0-0: DOUBLE (Flyball, 8RXD, EV 110.6 MPH)
Batting: RHB Dave Melton 0-0: Bunted foul
0-1: Bunted foul
0-2: Ball
1-2: SINGLE (Flyball, 8LS, EV 94.4 MPH)
Kevin Mosemann to third
Runner from 3rd tries for Home, SAFE, throw by CF to home
Batting: RHB Erik Mulloy 0-0: Ball
1-0: Sac Bunt to 23 - play at first, batter OUT! 3-4
Dave Melton to second
Batting: RHB Masataka Kato 0-0: Ball
1-0: TRIPLE (Groundball, 5L, EV 108.8 MPH)
Dave Melton scores
Batting: LHB Daniel Cipolla 0-0: Called Strike
0-1: Called Strike
0-2: Ball
1-2: Ball
2-2: Strikes out swinging
Batting: LHB Kevin Shaw 0-0: Ball
1-0: Foul Ball, location: 2F
1-1: Foul Ball, location: 7LMF
1-2: Foul Ball, location: 3FF
1-2: Strikes out swinging
Bottom of the 3rd over - 2 runs, 3 hits, 0 errors, 1 left on base; Las Vegas 1 - San Francisco 2
TOP OF THE 4TH
Las Vegas Hustle batting - Pitching for San Francisco Giants : RHP Steve Deemer
Batting: RHB Nick Allen 0-0: Fly out, F7 (Flyball, 7, EV 91.3 MPH)
Batting: SHB Jose Espinoza 0-0: Ball
1-0: Foul Ball, location: 5SF
1-1: Foul Ball, location: 7LDF
1-2: Strikes out swinging
Batting: RHB Karl Robbins 0-0: Foul Ball, location: 3F
0-1: Swinging Strike
0-2: Foul Ball, location: 2F
0-2: Ball
1-2: Strikes out looking
Top of the 4th over - 0 runs, 0 hits, 0 errors, 0 left on base; Las Vegas 1 - San Francisco 2
BOTTOM OF THE 4TH
San Francisco Giants batting - Pitching for Las Vegas Hustle : RHP Nick Hof
Batting: RHB David Bishop 0-0: Ball
1-0: Ball
2-0: Ball
3-0: Called Strike
3-1: Foul Ball, location: 5FF
3-2: Foul Ball, location: 2F
3-2: Foul Ball, location: 5F
3-2: Foul Ball, location: 2F
3-2: Foul Ball, location: 7LMF
3-2: Base on Balls
Batting: LHB Ernesto Pelayo 0-0: Called Strike
0-1: Called Strike
0-2: Foul Ball, location: 2F
0-2: Ball
David Bishop is caught stealing 2nd base 2-6
1-2: Foul Ball, location: 5FF
1-2: Strikes out swinging
Batting: RHB Danny Bute 0-0: Swinging Strike
0-1: Foul Ball, location: 9LMF
0-2: Strikes out looking
Bottom of the 4th over - 0 runs, 0 hits, 0 errors, 0 left on base; Las Vegas 1 - San Francisco 2
TOP OF THE 5TH
Las Vegas Hustle batting - Pitching for San Francisco Giants : RHP Steve Deemer
Batting: RHB Tyler Ebert 0-0: Ball
1-0: Called Strike
1-1: Ball
2-1: Foul Ball, location: 2F
2-2: Strikes out swinging
Batting: LHB Steve Lawler 0-0: Ball
1-0: Foul Ball, location: 3FF
1-1: Called Strike
1-2: Fly out, F5 (Popup, 5F, EV 66.3 MPH)
Batting: RHB Rick Roberds 0-0: Called Strike
0-1: Ball
1-1: Called Strike
1-2: Fly out, F7 (Flyball, 7LS, EV 83.1 MPH)
Top of the 5th over - 0 runs, 0 hits, 0 errors, 0 left on base; Las Vegas 1 - San Francisco 2
BOTTOM OF THE 5TH
San Francisco Giants batting - Pitching for Las Vegas Hustle : RHP Nick Hof
Batting: RHB Kevin Mosemann 0-0: Called Strike
0-1: Ball
1-1: Foul Ball, location: 2F
1-2: Ball
2-2: Strikes out swinging
Batting: RHB Dave Melton 0-0: Ball
1-0: Ball
2-0: Called Strike
2-1: Ball
3-1: Swinging Strike
3-2: DOUBLE (Line Drive, 89D, EV 98.8 MPH)
Batting: RHB Erik Mulloy 0-0: Foul Ball, location: 9LSF
0-1: Ball
1-1: Ball
2-1: Swinging Strike
2-2: Ball
3-2: Foul Ball, location: 9LSF
3-2: SINGLE (Flyball, 78S, EV 78.1 MPH)
Dave Melton to third
Batting: RHB Masataka Kato 0-0: Ball
1-0: Ball
2-0: Fielders Choice at 2nd, 6-4 (Groundball, 6, EV 88.8 MPH)
Dave Melton scores
Batting: LHB Daniel Cipolla 0-0: Fly out, F8 (Flyball, 8RXD, EV 106.9 MPH)
Bottom of the 5th over - 1 run, 2 hits, 0 errors, 1 left on base; Las Vegas 1 - San Francisco 3
TOP OF THE 6TH
Las Vegas Hustle batting - Pitching for San Francisco Giants : RHP Steve Deemer
Batting: RHB John Conway 0-0: Called Strike
0-1: Ball
1-1: Ground out 6-3 (Groundball, 6S, EV 91.3 MPH)
Batting: LHB Jon Guzman 0-0: Ball
1-0: Foul Ball, location: 2F
1-1: Foul Ball, location: 9LDF
1-2: Ball
2-2: Ground out U3 (Groundball, 13, EV 91.9 MPH)
Batting: RHB Clint Hurley 0-0: SINGLE (Line Drive, 8RS, EV 91.3 MPH)
Batting: RHB Nick Allen 0-0: Ball
1-0: Ball
2-0: Foul Ball, location: 5F
2-1: Ball
3-1: Swinging Strike
3-2: Fly out, F7 (Flyball, 7, EV 88.1 MPH)
Top of the 6th over - 0 runs, 1 hit, 0 errors, 1 left on base; Las Vegas 1 - San Francisco 3
BOTTOM OF THE 6TH
San Francisco Giants batting - Pitching for Las Vegas Hustle : RHP Nick Hof
Batting: LHB Kevin Shaw 0-0: Called Strike
0-1: Ball
1-1: SINGLE (Line Drive, 78M, EV 90.0 MPH)
Batting: RHB David Bishop 0-0: Ball
1-0: Ball
2-0: Ball
3-0: Base on Balls
Kevin Shaw to second
Pitching: LHP Brad Nelson
Batting: LHB Ernesto Pelayo 0-0: Foul Ball, location: 2F
0-1: Called Strike
0-2: Ball
1-2: Foul Ball, location: 7LMFF
1-2: Ball
2-2: Fly out, F7 (Line Drive, 78M, EV 98.1 MPH)
Batting: RHB Danny Bute 0-0: Ball
1-0: Called Strike
1-1: Called Strike
1-2: Ball
2-2: Foul Ball, location: 9LMF
2-2: Ball
3-2: Strikes out swinging
Batting: RHB Kevin Mosemann 0-0: Ball
1-0: Foul Ball, location: 2F
1-1: Ball
2-1: Fielders Choice at 2nd, 6-4 (Groundball, 6, EV 85.6 MPH)
Bottom of the 6th over - 0 runs, 1 hit, 0 errors, 2 left on base; Las Vegas 1 - San Francisco 3
TOP OF THE 7TH
Las Vegas Hustle batting - Pitching for San Francisco Giants : RHP Steve Deemer
Now at SS: Bryce Bissinger
Batting: SHB Jose Espinoza 0-0: Ball
1-0: Foul Ball, location: 3F
1-1: Foul Ball, location: 3F
1-2: Foul Ball, location: 3F
1-2: Foul Ball, location: 3F
1-2: Fly out, F9 (Flyball, 9, EV 88.8 MPH)
Batting: RHB Karl Robbins 0-0: Reached on error, E7 (Flyball, 78S, EV 99.4 MPH)
Pitching: LHP Nick Webb
Batting: RHB Tyler Ebert 0-0: Ball
1-0: Foul Ball, location: 2F
1-1: Ball
2-1: Foul Ball, location: 3F
2-2: Ball
3-2: Fielders Choice at 2nd, 6-4 (Groundball, 6, EV 81.3 MPH)
Batting: LHB Steve Lawler 0-0: Foul Ball, location: 5F
0-1: Ball
1-1: Fielders Choice at 2nd, 6-4 (Groundball, 6, EV 88.8 MPH)
Top of the 7th over - 0 runs, 0 hits, 1 error, 1 left on base; Las Vegas 1 - San Francisco 3
BOTTOM OF THE 7TH
San Francisco Giants batting - Pitching for Las Vegas Hustle : LHP Brad Nelson
Batting: RHB Dave Melton 0-0: Fly out, F7 (Flyball, 78S, EV 91.3 MPH)
Batting: RHB Erik Mulloy 0-0: Ball
1-0: Fly out, F8 (Flyball, 8LXD, EV 93.8 MPH)
Batting: RHB Masataka Kato 0-0: Ball
1-0: Ball
2-0: Ball
3-0: Called Strike
3-1: Foul Ball, location: 9LDF
3-2: Foul Ball, location: 2F
3-2: Base on Balls
Batting: LHB Daniel Cipolla 0-0: Ground out 4-3 (Groundball, 4, EV 79.4 MPH)
Bottom of the 7th over - 0 runs, 0 hits, 0 errors, 1 left on base; Las Vegas 1 - San Francisco 3
TOP OF THE 8TH
Las Vegas Hustle batting - Pitching for San Francisco Giants : LHP Nick Webb
Batting: RHB Rick Roberds 0-0: Ball
1-0: Called Strike
1-1: Ball
2-1: Ball
3-1: Base on Balls
Batting: RHB John Conway 0-0: Ball
Wild Pitch!
Rick Roberds to second
1-0: Ball
2-0: Foul Ball, location: 2F
2-1: Swinging Strike
2-2: Ball
3-2: Foul Ball, location: 2F
3-2: Strikes out looking
Batting: LHB Jon Guzman 0-0: Ball
1-0: Called Strike
1-1: Ball
2-1: Called Strike
2-2: Foul Ball, location: 5DF
2-2: Foul Ball, location: 2F
2-2: Fly out, F8 (Flyball, 8LS, EV 88.8 MPH)
Batting: RHB Clint Hurley 0-0: Ball
1-0: Called Strike
1-1: Ball
2-1: Ball
3-1: Base on Balls
Pitching: LHP Alexis Mendoza
Batting: RHB Nick Allen 0-0: Called Strike
0-1: Ball
1-1: Fielders Choice at 2nd, 6-4 (Groundball, 6, EV 96.3 MPH)
Top of the 8th over - 0 runs, 0 hits, 0 errors, 2 left on base; Las Vegas 1 - San Francisco 3
BOTTOM OF THE 8TH
San Francisco Giants batting - Pitching for Las Vegas Hustle : LHP Brad Nelson
Pitching: RHP Jon Fenton
Batting: LHB Kevin Shaw 0-0: Called Strike
0-1: Ball
1-1: Foul Ball, location: 3FF
1-2: Ball
2-2: Strikes out swinging, 2-3 out at first.
Batting: RHB David Bishop 0-0: Called Strike
0-1: DOUBLE (Line Drive, 7LM, EV 87.5 MPH)
Batting: LHB Ernesto Pelayo 0-0: Intentional Walk
Batting: LHB Eric Plaunt 0-0: Ball
1-0: Ball
2-0: Ball
3-0: SINGLE (Line Drive, 89S, EV 106.9 MPH)
David Bishop to third
Ernesto Pelayo to second
Batting: LHB Bryce Bissinger 0-0: Called Strike
0-1: Ball
1-1: Called Strike
1-2: Foul Ball, location: 7LSF
1-2: Foul Ball, location: 2F
1-2: Fly out, F7 (Line Drive, 7, EV 92.5 MPH)
Runner from 3rd tags up, SCORES, throw by LF
Batting: RHB Dave Melton 0-0: Foul Ball, location: 5F
0-1: Ground out 5-3 (Groundball, 56S, EV 82.5 MPH)
Bottom of the 8th over - 1 run, 2 hits, 0 errors, 2 left on base; Las Vegas 1 - San Francisco 4
TOP OF THE 9TH
Las Vegas Hustle batting - Pitching for San Francisco Giants : LHP Alexis Mendoza
Now at C: Ben Presley
Batting: SHB Jose Espinoza 0-0: Ball
1-0: Ball
2-0: Swinging Strike
2-1: Called Strike
2-2: Strikes out looking
Batting: RHB Karl Robbins 0-0: Ball
1-0: Called Strike
1-1: Ball
2-1: Foul Ball, location: 2F
2-2: Strikes out looking
Batting: RHB Tyler Ebert 0-0: Ball
1-0: Called Strike
1-1: Swinging Strike
1-2: Ball
2-2: Strikes out looking
Top of the 9th over - 0 runs, 0 hits, 0 errors, 0 left on base; Las Vegas 1 - San Francisco 4
Thursday, May 2nd , 2024 - OOTP Baseball 24.11 Build 85